 Dungeon Crawl Stone Soup version 0.20.1-1-g8b1a95d (webtiles) character file.

176 VajrapaniSR the Ruffian (level 5, 0/50 HPs)
             Began as a Troll Fighter on July 4, 2017.
             Slain by a hound (5 damage)
             ... on level 5 of the Dungeon.
             The game lasted 00:03:23 (527 turns).

VajrapaniSR the Ruffian (Troll Fighter)              Turns: 527, Time: 00:03:24

Health: 0/50       AC:  5    Str: 28    XL:     5   Next: 30%
Magic:  4/4        EV:  8    Int:  4    God:
Gold:   19         SH:  9    Dex: 10    Spells: 4/4 levels left

rFire    . . .     SeeInvis .     - Unarmed
rCold    . . .     Gourm    +   b - +0 shield
rNeg     . . .     Faith    .   a - +0 robe
rPois    .         Spirit   .   (helmet restricted)
rElec    .         Reflect  .   (no cloak)
rCorr    .         Harm     .   (gloves unavailable)
MR       .....                  (boots unavailable)
Stlth    +.........             m - amulet of inaccuracy (curse)
Regen    0.6/turn               g - +4 ring of strength
MPRegen  0.1/turn               (no ring)

@: no status effects
A: unfitting armour, claws 3, fast metabolism 3, gourmand, regeneration 1,
shaggy fur 1, tough skin 2
a: no special abilities


You were on level 5 of the Dungeon.
You were not hungry.

You visited 1 branch of the dungeon, and saw 6 of its levels.

You collected 19 gold pieces.

Inventory:

Armour
 a - a +0 robe (worn)
 b - a +0 shield (worn)
Jewellery
 g - a +4 ring of strength (left claw)
 m - a cursed amulet of inaccuracy (around neck)
Wands
 c - a wand of polymorph (9/24)
Scrolls
 e - a scroll of enchant weapon
Potions
 i - 2 potions of mutation {unknown}
 j - a potion of flight {unknown}
 k - a potion of magic {unknown}
Comestibles
 d - 2 bread rations
 l - a royal jelly


   Skills:
 - Level 2.4 Fighting
 - Level 2.4 Dodging
 - Level 2.4 Shields
 + Level 5.6 Unarmed Combat


You had 4 spell levels left.
You didn't know any spells.

Dungeon Overview and Level Annotations

Branches:
Dungeon (6/15)
 Temple: D:4-7

Altars:


Innate Abilities, Weirdness & Mutations

You are too large for most types of armour.
You have claws for hands.
Your metabolism is lightning-fast.
You like to eat raw meat.
Your natural rate of healing is unusually fast.
You are covered in fur. (AC +1)
You have very tough skin. (AC +2)


Message History

* * * LOW HITPOINT WARNING * * *
The hound bites you.
* * * LOW HITPOINT WARNING * * *
You take 2 damage, and have 8/50 hp.
You miss the hound. You block the hound's attack.
You miss the hound. You block the hound's attack. The hound bites you.
* * * LOW HITPOINT WARNING * * *
You take 3 damage, and have 6/50 hp.
You scratch the hound. The hound bites you.
* * * LOW HITPOINT WARNING * * *
An adder zombie comes into view.
You miss the hound. The hound bites you but does no damage.
The adder zombie bites you but does no damage.
The hound closely misses you.
You scratch the hound but do no damage. You block the hound's attack.
The adder zombie bites you.
* * * LOW HITPOINT WARNING * * *
You take 1 damage, and have 5/50 hp.
You closely miss the hound. The hound bites you.
You die...

##..#####.###.......
#.<............# #
##.###....#.#..##(#
#.# #.####.#...#.###
#.#...[.....>.......
#.#.#.#..#.#...#.###
#.#.#......(c..# #
#.# ###....#h#.# ...
.........@.#
###.##..Z###
#....... ####....
....... ###.....
#.....+ #...


You could see a centaur, a hound and an adder zombie.

Vanquished Creatures
  The ghost of VajrapaniSR the Ruffian, an amateur TrFi of Cheibriados (D:5)
  A centaur skeleton (D:4)
  Ijyb (D:3)
  7 orcs (D:4)
  A bat (D:3)
  4 giant cockroaches
  2 goblins (D:3)
  3 hobgoblins (D:3)
  2 jackals (D:4)
  2 frilled lizards
24 creatures vanquished.

Notes
Turn   | Place    | Note
-------+----------+-------------------------------------------
     0 | D:1      | VajrapaniSR the Troll Fighter began the quest for the Orb.
     0 | D:1      | Reached XP level 1. HP: 22/22 MP: 0/0
   184 | D:3      | Noticed Ijyb
   193 | D:3      | Killed Ijyb
   193 | D:3      | Reached skill level 3 in Unarmed Combat
   193 | D:3      | Reached XP level 2. HP: 29/29 MP: 1/1
   193 | D:3      | Reached XP level 3. HP: 36/36 MP: 2/2
   282 | D:4      | Reached skill level 4 in Unarmed Combat
   321 | D:4      | Reached XP level 4. HP: 42/44 MP: 3/3
   348 | D:5      | Entered Level 5 of the Dungeon
   394 | D:4      | Noticed an ogre
   397 | D:4      | Noticed an ogre
   467 | D:5      | Noticed VajrapaniSR's ghost (amateur TrFi)
   484 | D:5      | Killed VajrapaniSR's ghost
   484 | D:5      | Reached skill level 5 in Unarmed Combat
   484 | D:5      | Reached XP level 5. HP: 47/50 MP: 4/4
   490 | D:6      | Noticed a centaur
   506 | D:6      | Noticed a centaur
   527 | D:5      | Slain by a hound

Skill      XL: |  1  2  3  4 |
---------------+-------------+-----
Unarmed Combat | 3 4 5 |  5.6
Fighting       | |  2.4
Dodging        | |  2.4
Shields        | |  2.4

Action                   |  1- 3 |  4- 6 || total
-------------------------+-------+-------++-------
Melee: Unarmed           |    38 |    57 ||    95
  Use: Potion            |     1 |       ||     1
       Scroll            |       |     3 ||     3
 Stab: Sleeping          |     2 |       ||     2
  Eat: Chunk             |       |     3 ||     3
Armor: Robe              |     6 |    17 ||    23
Dodge: Dodged            |     9 |    25 ||    34
Block: Shield            |     6 |    37 ||    43
